 Dungeon Crawl Stone Soup version 0.19.1 (webtiles) character file.

681 kreca666 the Covert (level 7, -6/51 HPs)
             Began as a Vampire Assassin on Dec 11, 2016.
             Was an Initiate of Gozag.
             Killed by divine providence
             ... invoked by a smoke demon
             ... summoned by Xom
              (13 damage)
             ... on level 5 of the Dungeon.
             The game lasted 00:39:17 (6898 turns).

kreca666 the Covert (Vampire Assassin)              Turns: 6898, Time: 00:39:19

Health: -6/51      AC:  9    Str: 11      XL:     7   Next: 34%
Magic:  7/7        EV: 12    Int: 20      God:    Gozag
Gold:   168        SH:  7    Dex: 14 (15) Spells: 0 memorised, 6 levels left

rFire  + . .     SeeInvis +     a - +2 dagger
rCold  . . .     Gourm    .     J - +0 leather armour {rF+}
rNeg   + . .     Faith    .     P - +0 shield
rPois  .         Spirit   .     x - +0 helmet
rElec  .         Reflect  .     d - +0 cloak
rCorr  .         Harm     .     R - +0 pair of gloves
MR     .....                    G - +0 pair of boots
Stlth  ++++......               (no amulet)
                                i - +5 ring of intelligence
                                O - +3 ring of protection

@: about to teleport
A: fangs 3, repulsion field 1, see invisible, deformed body, unbreathing, no
device heal 1
a: Bat Form, Potion Petition, Call Merchant, Bribe Branch, Renounce Religion


You were on level 5 of the Dungeon.
You worshipped Gozag.
Gozag was aware of your devotion.
You were not thirsty.

You visited 2 branches of the dungeon, and saw 6 of its levels.

You collected 220 gold pieces.
You paid 52 gold pieces to Gozag.

Inventory:

Hand Weapons
 a - a +2 dagger (weapon)
 b - a +0 blowgun
 k - a +0 dagger
 n - a +2 dagger of venom
 q - a +0 dagger
 s - a +0 dagger
 v - a +0 dagger
 B - a +1 dagger of holy wrath
 H - a +0 dagger
 L - a +0 quarterstaff
 N - a +0 dagger
 S - a +1 dagger of venom
Missiles
 e - 8 poisoned needles
 f - 2 curare-tipped needles
 l - 163 stones (quivered)
 o - 22 arrows
 p - 29 sling bullets
Armour
 c - a +0 robe
 d - a +0 cloak (worn)
 m - a +0 leather armour
 t - a +0 ring mail
 w - a +1 ring mail
 x - a +0 helmet (worn)
 G - a +0 pair of boots (worn)
 I - a +0 robe
 J - a +0 leather armour of fire resistance (worn)
 M - a +0 ring mail
 P - a +0 shield (worn)
 R - a +0 pair of gloves (worn)
 T - a +0 robe
 U - a +0 leather armour
 W - a +0 robe
 Y - a +0 chain mail
Jewellery
 i - a +5 ring of intelligence (right hand)
 F - an uncursed ring of wizardry {unknown}
 O - a +3 ring of protection (left hand)
Wands
 K - a wand of acid (8/15)
Scrolls
 j - a scroll of enchant armour
 r - 4 scrolls of identify
 u - a scroll of immolation {unknown}
 y - a scroll of magic mapping
 A - 2 scrolls of teleportation
Potions
 g - a potion of blood
 h - a potion of ambrosia {unknown}
 z - a potion of brilliance {unknown}
 E - 3 potions of curing
 V - 2 potions of lignification {unknown}
 X - a potion of flight {unknown}
 Z - a potion of berserk rage {unknown}
Comestibles
 C - 2 meat rations
 D - a royal jelly


   Skills:
 + Level 2.9 Fighting
 + Level 4.5 Short Blades
 + Level 2.7 Throwing
 + Level 2.5 Armour
 + Level 3.1 Dodging
 + Level 8.0 Stealth
 + Level 1.4 Shields


You had 6 spell levels left.
You didn't know any spells.

Dungeon Overview and Level Annotations

Branches:
Dungeon (5/15)             Temple (1/1) D:5

Altars:
Ashenzari
Dithmenos
Elyvilon
Gozag
Makhleb
Nemelex Xobeh
Qazlal
Trog
Uskayaw
Vehumet
Xom


Innate Abilities, Weirdness & Mutations

You have razor-sharp teeth.
You have supernaturally acute eyesight. (SInv)
You can survive without breathing.
You are surrounded by a mild repulsion field. (EV +2)
Armour fits poorly on your strangely shaped body.
Potions and wands are less effective at restoring your health.


Message History

You feel strangely unstable. The quasit closely misses you. x2
The quasit claws you.
You feel clumsy. The shadow imp gestures at you. Pain shoots through your body!
You block the iron imp's attack. You block the hellwing's attack.
The hellwing hits you. The ice devil barely misses you.
The white imp closely misses you.
The crimson imp hits you but does no damage.
The quasit barely misses you.
The quasit claws you but does no damage.
The quasit closely misses you.
Your shield prevents you from hitting the hellwing.
The shadow imp barely misses you. The hellwing hits you!
* * * LOW HITPOINT WARNING * * *
The hellwing hits you!
* * * LOW HITPOINT WARNING * * *
The smoke demon gestures at you. Xom smites you!
You die...
Your body crumbles into a pile of gold.

..........................
..........................
..........................
..........................
.................$........
?.....#####g####5$........
......# #.# ##55........
......# ###S###4555..%....
......# #...#.55@55...>...
######....#.#.#54##......#
#..####....3## ##.#...
#.## #..#............
#.(####.##... $ #... ...
....# ..# ###### .... .##.


You could see a hellwing, an ice devil, a smoke demon, an iron imp, a quasit, 3
crimson imps, 2 white imps, 3 shadow imps and an ufetubus.

Vanquished Creatures
  A big kobold (D:4)
  A scorpion (D:4)
  A howler monkey (D:5)
  2 hounds
  A centaur skeleton (D:4)
  3 orc wizards (D:3)
  2 bullfrog skeletons (D:4)
  2 worker ants
  Robin (D:2)
  6 gnolls
  5 adders
  3 oozes
  An adder zombie (D:5)
  2 worms
  4 dart slugs
  3 leopard geckos
  7 orcs
  3 ball pythons
  5 giant cockroaches
  13 goblins
  9 hobgoblins
  2 jackals
  2 kobolds
  4 quokkas
  10 bats
  6 frilled lizards
  A giant cockroach zombie (D:5)
  A quokka skeleton (D:4)
  7 rats
108 creatures vanquished.

Notes
Turn   | Place    | Note
-------+----------+-------------------------------------------
     0 | D:1      | kreca666 the Vampire Assassin began the quest for the Orb.
     0 | D:1      | Reached XP level 1. HP: 16/16 MP: 1/1
    98 | D:1      | Reached skill level 6 in Stealth
   200 | D:1      | Reached XP level 2. HP: 19/22 MP: 2/2
   992 | D:2      | Reached XP level 3. HP: 27/27 MP: 3/3
  1396 | D:2      | Reached skill level 7 in Stealth
  1648 | D:2      | Noticed Robin
  1677 | D:2      | Reached XP level 4. HP: 16/33 MP: 4/4
  1888 | D:2      | Killed Robin
  1889 | D:2      | Gained mutation: You are surrounded by a mild repulsion field. (EV +2) [potion of mutation]
  1889 | D:2      | Gained mutation: Potions and wands are less effective at restoring your health. [potion of mutation]
  1889 | D:2      | Gained mutation: Armour fits poorly on your strangely shaped body. [potion of mutation]
  2600 | D:2      | Reached skill level 1 in Armour
  3115 | D:3      | Reached XP level 5. HP: 38/38 MP: 5/5
  3667 | D:3      | Found a faded altar of an unknown god.
  3728 | D:3      | Became a worshipper of Xom of Chaos
  4054 | D:3      | XOM: silly message
  4677 | D:4      | Reached XP level 6. HP: 44/46 MP: 6/6
  4688 | D:4      | XOM: potion effect (might)
  4689 | D:4      | XOM: polymorph worm -> big kobold
  4701 | D:4      | XOM: harmless Chrm miscast
  4938 | D:4      | XOM: mild Necr miscast
  5006 | D:4      | XOM: harmless Necr miscast
  5105 | D:4      | XOM is BORED!
  5105 | D:4      | XOM: mild Pois miscast
  5211 | D:4      | Reached skill level 1 in Shields
  5211 | D:4      | Reached XP level 7. HP: 44/51 MP: 7/7
  5290 | D:4      | XOM: god gift: 24 gold pieces
  5390 | D:4      | XOM: noise
  5498 | D:5      | Entered Level 5 of the Dungeon
  5573 | D:5      | XOM: smoke on damage
  5593 | D:5      | Found a staircase to the Ecumenical Temple.
  5752 | D:5      | Reached skill level 8 in Stealth
  5771 | Temple   | Entered the Ecumenical Temple
  5781 | Temple   | Fell from the grace of Xom
  5781 | Temple   | Became a worshipper of Gozag Ym Sagoz the Greedy
  6891 | D:5      | XOM: summons 14 hostile demons
  6892 | D:5      | Noticed a smoke demon
  6892 | D:5      | Noticed a hellwing
  6892 | D:5      | Noticed an ice devil
  6898 | D:5      | Killed from afar by a smoke demon

Skill      XL: |  1  2  3  4  5  6  7 |
---------------+----------------------+-----
Stealth        | 6 7 8 |  8.0
Short Blades   | 3 4 |  4.5
Throwing       | 2 |  2.7
Fighting       | 2 |  2.9
Armour         | 1 2 |  2.5
Dodging        | 2 3 |  3.1
Shields        | 1 |  1.4

Action                   |  1- 3 |  4- 6 |  7- 9 || total
-------------------------+-------+-------+-------++-------
Melee: Dagger            |   109 |   261 |   107 ||   477
       Bite              |     5 |    35 |    16 ||    56
Throw: Stone             |    35 |    57 |    25 ||   117
  Use: Scroll            |     4 |     1 |     2 ||     7
       Potion            |     2 |    16 |     4 ||    22
 Stab: Sleeping          |     4 |     6 |       ||    10
Armor: Robe              |     6 |       |       ||     6
       Leather armour    |    25 |       |    53 ||    78
       Ring mail         |    44 |   103 |       ||   147
Dodge: Dodged            |    92 |   163 |    92 ||   347
Block: Shield            |       |    47 |    58 ||   105
